TOP OF THE 1ST |
---|
Birmingham Barons batting - Pitching for Detroit X-Wings : RHP Jorge Madrigal | Pitching: RHP Jorge Madrigal | | Batting: LHB Marcos Féliz | 0-0: Ball 1-0: Foul Ball, location: 2F 1-1: Swinging Strike 1-2: Ball 2-2: Ball 3-2: Base on Balls | Batting: RHB José Montoya | 0-0: Ball Marcos Féliz steals 2nd base 1-0: Foul Ball, location: 2F 1-1: Swinging Strike 1-2: Strikes out swinging | Batting: LHB José Rivera | 0-0: Ball 1-0: Foul Ball, location: 2F 1-1: Foul Ball, location: 2F 1-2: Ball 2-2: Foul Ball, location: 2F 2-2: Strikes out swinging | Batting: RHB Bryant von Bohlen | 0-0: Ball 1-0: Fly out, F7 (Flyball, 7LS) | Top of the 1st over - 0 runs, 0 hits, 0 errors, 1 left on base; Birmingham 0 - Detroit 0 | BOTTOM OF THE 1ST |
---|
Detroit X-Wings batting - Pitching for Birmingham Barons : LHP Gonzalo Martínez | Pitching: LHP Gonzalo Martínez | | Batting: RHB Sean White | 0-0: Called Strike 0-1: Ground out 5-3 (Groundball, 56) | Batting: LHB Paul Alston | 0-0: Ball 1-0: Ball 2-0: Ball 3-0: Base on Balls | Batting: RHB Mario Solís | 0-0: Called Strike 0-1: Ball 1-1: Ball 2-1: Ball 3-1: Called Strike 3-2: 2-RUN HOME RUN (Flyball, 78XD), Distance : 407 ft | Batting: RHB Chet Decker | 0-0: Swinging Strike 0-1: Called Strike 0-2: Fly out, F9 (Flyball, 89S) | Batting: RHB Oliver Acevedo | 0-0: Ball 1-0: Swinging Strike 1-1: DOUBLE (Line Drive, 89D) | Batting: RHB José Pérez | 0-0: Foul Ball, location: 2F 0-1: Called Strike 0-2: Ball 1-2: Ball 2-2: SINGLE (Groundball, 6MD) Oliver Acevedo to third Runner from 3rd tries for Home, SAFE, no throw | Batting: RHB Donato Gozende | 0-0: Called Strike José Pérez steals 2nd base 0-1: Ball 1-1: Called Strike 1-2: Fly out, F8 (Flyball, 78D) | Bottom of the 1st over - 3 runs, 3 hits, 0 errors, 1 left on base; Birmingham 0 - Detroit 3 | TOP OF THE 2ND |
---|
Birmingham Barons batting - Pitching for Detroit X-Wings : RHP Jorge Madrigal | Batting: LHB Robinson López | 0-0: Called Strike 0-1: Fly out, F9 (Flyball, 89S) | Batting: RHB Carlos Vásquez | 0-0: Ball 1-0: Ball 2-0: Ball 3-0: Called Strike 3-1: Called Strike 3-2: Strikes out swinging | Batting: RHB Warren Martin | 0-0: Ball 1-0: Called Strike 1-1: Fly out, F8 (Flyball, 8RXD) | Top of the 2nd over - 0 runs, 0 hits, 0 errors, 0 left on base; Birmingham 0 - Detroit 3 | BOTTOM OF THE 2ND |
---|
Detroit X-Wings batting - Pitching for Birmingham Barons : LHP Gonzalo Martínez | Now in RF: Pete Smith | | Batting: RHB Raúl Flores | 0-0: Foul Ball, location: 2F 0-1: Called Strike 0-2: Ball 1-2: Strikes out swinging | Batting: RHB Yoshitsune Kamida | 0-0: Called Strike | |
---|
| | 0-1: Ball 1-1: Ball 2-1: Ball 3-1: Foul Ball, location: 2F 3-2: Base on Balls | Batting: RHB Sean White | 0-0: Ball Wild Pitch! Yoshitsune Kamida to second 1-0: Fly out, F8 (Line Drive, 8RM) | Batting: LHB Paul Alston | 0-0: Ball 1-0: Ball 2-0: Ball 3-0: Foul Ball, location: 2F 3-1: Called Strike 3-2: Strikes out swinging | Bottom of the 2nd over - 0 runs, 0 hits, 0 errors, 1 left on base; Birmingham 0 - Detroit 3 | TOP OF THE 3RD |
---|
Birmingham Barons batting - Pitching for Detroit X-Wings : RHP Jorge Madrigal | Batting: LHB Curt Walker | 0-0: Ball 1-0: Ball 2-0: Foul Ball, location: 2F 2-1: Ground out 4-3 (Groundball, 4) | Batting: LHB John Haney | 0-0: Foul Ball, location: 2F 0-1: Ball 1-1: Foul Ball, location: 2F 1-2: Ball 2-2: Ball 3-2: Ground out 3-1 (Groundball, 34S) | Batting: RHB Pete Smith | 0-0: Ball 1-0: SOLO HOME RUN (Flyball, 8LXD), Distance : 427 ft | Batting: RHB José Montoya | 0-0: Foul Ball, location: 2F 0-1: Ball 1-1: Called Strike 1-2: Ball 2-2: Foul Ball, location: 2F 2-2: Strikes out looking | Top of the 3rd over - 1 run, 1 hit, 0 errors, 0 left on base; Birmingham 1 - Detroit 3 | BOTTOM OF THE 3RD |
---|
Detroit X-Wings batting - Pitching for Birmingham Barons : LHP Gonzalo Martínez | Batting: RHB Mario Solís | 0-0: Ground out 5-3 (Groundball, 56S) | Batting: RHB Chet Decker | 0-0: Called Strike 0-1: Called Strike 0-2: Ball 1-2: Strikes out looking | Batting: RHB Oliver Acevedo | 0-0: Fly out, F9 (Flyball, 9) | Bottom of the 3rd over - 0 runs, 0 hits, 0 errors, 0 left on base; Birmingham 1 - Detroit 3 | TOP OF THE 4TH |
---|
Birmingham Barons batting - Pitching for Detroit X-Wings : RHP Jorge Madrigal | Batting: LHB José Rivera | 0-0: Ball 1-0: Ball 2-0: Called Strike 2-1: Swinging Strike 2-2: Ball 3-2: Foul Ball, location: 2F 3-2: Base on Balls | Batting: RHB Bryant von Bohlen | 0-0: Fly out, F5 (Line Drive, 5) | Batting: LHB Robinson López | 0-0: Ball 1-0: Ball 2-0: Ball 3-0: Base on Balls José Rivera to second | Batting: RHB Carlos Vásquez | 0-0: Ball Wild Pitch! José Rivera to third Robinson López to second 1-0: Ball 2-0: Swinging Strike 2-1: Foul Ball, location: 2F 2-2: Ball 3-2: Fly out, F7 (Flyball, 7S) | Batting: RHB Warren Martin | 0-0: Foul Ball, location: 2F 0-1: Ball 1-1: Foul Ball, location: 2F 1-2: Ball 2-2: Ball 3-2: Fly out, F5 (Popup, 15) | Top of the 4th over - 0 runs, 0 hits, 0 errors, 2 left on base; Birmingham 1 - Detroit 3 | BOTTOM OF THE 4TH |
---|
Detroit X-Wings batting - Pitching for Birmingham Barons : LHP Gonzalo Martínez | Batting: RHB José Pérez | 0-0: Ball 1-0: Ball 2-0: Ball 3-0: Base on Balls | Batting: RHB Donato Gozende | 0-0: Called Strike 0-1: Ball 1-1: Called Strike 1-2: Ball 2-2: Strikes out swinging | Batting: RHB Raúl Flores | 0-0: Ball 1-0: SINGLE (Groundball, 56D) José Pérez to second | Batting: RHB Yoshitsune Kamida | 0-0: Called Strike 0-1: Foul Ball, location: 2F 0-2: Ball 1-2: Foul Ball, location: 2F 1-2: Ball 2-2: DOUBLE (Line Drive, 7D) José Pérez scores Raúl Flores to third Runner from 3rd tries for Home, SAFE, no throw | Batting: RHB Sean White | 0-0: Swinging Strike 0-1: Fly out, F7 (Flyball, 7LSF) | Batting: LHB Paul Alston | 0-0: Foul Ball, location: 2F 0-1: Ground out 4-3 (Groundball, 34) | Bottom of the 4th over - 2 runs, 2 hits, 0 errors, 1 left on base; Birmingham 1 - Detroit 5 | TOP OF THE 5TH |
---|
Birmingham Barons batting - Pitching for Detroit X-Wings : RHP Jorge Madrigal | Batting: LHB Curt Walker | 0-0: Swinging Strike 0-1: Swinging Strike 0-2: SINGLE (Groundball, 4MD) | Batting: LHB John Haney | 0-0: Ball 1-0: Ball 2-0: Ball 3-0: Base on Balls Curt Walker to second | Batting: RHB Pete Smith | 0-0: Called Strike 0-1: Ball 1-1: Ball 2-1: Fly out, F9 (Flyball, 9) | Batting: RHB José Montoya | 0-0: Ball 1-0: SINGLE (Groundball, 56D) Curt Walker to third John Haney to second Runner from 3rd tries for Home, SAFE, no throw | Batting: LHB José Rivera | 0-0: Foul Ball, location: 2F 0-1: Ball 1-1: Foul Ball, location: 2F 1-2: Strikes out swinging | Batting: RHB Bryant von Bohlen | 0-0: Ball 1-0: Foul Ball, location: 2F 1-1: SINGLE (Groundball, 6D) John Haney to third José Montoya to second Runner from 3rd tries for Home, SAFE, no throw | Batting: LHB Robinson López | 0-0: Called Strike 0-1: Swinging Strike 0-2: Ball 1-2: Ball 2-2: Foul Ball, location: 2F 2-2: Foul Ball, location: 2F 2-2: Foul Ball, location: 2F 2-2: Ball 3-2: Base on Balls José Montoya to third Bryant von Bohlen to second | Batting: RHB Carlos Vásquez | 0-0: Fielders Choice at 2nd, 6-4 (Groundball, 6) | Top of the 5th over - 2 runs, 3 hits, 0 errors, 3 left on base; Birmingham 3 - Detroit 5 | BOTTOM OF THE 5TH |
---|
Detroit X-Wings batting - Pitching for Birmingham Barons : LHP Gonzalo Martínez | Batting: RHB Mario Solís | 0-0: Ball 1-0: Swinging Strike 1-1: Ground out 4-3 (Groundball, 4M) | Batting: RHB Chet Decker | 0-0: Ball 1-0: Ball 2-0: Foul Ball, location: 2F 2-1: Swinging Strike 2-2: Ball 3-2: Foul Ball, location: 2F 3-2: Ground out 4-3 (Groundball, 34) | Batting: RHB Oliver Acevedo | 0-0: Ball 1-0: Foul Ball, location: 2F 1-1: Fly out, F8 (Line Drive, 89D) | Bottom of the 5th over - 0 runs, 0 hits, 0 errors, 0 left on base; Birmingham 3 - Detroit 5 | TOP OF THE 6TH |
---|
Birmingham Barons batting - Pitching for Detroit X-Wings : RHP Jorge Madrigal | Pitching: LHP Richard Dorris | | Batting: RHB Warren Martin | 0-0: Ball 1-0: Ground out 3-1 (Groundball, 34S) | Batting: LHB Curt Walker | 0-0: Called Strike 0-1: Ball 1-1: Ground out U3 (Groundball, 34S) | Batting: LHB John Haney | 0-0: Foul Ball, location: 2F 0-1: Hit by Pitch | Batting: RHB Pete Smith | 0-0: Called Strike 0-1: Ball 1-1: Swinging Strike 1-2: Foul Ball, location: 2F 1-2: Foul Ball, location: 2F 1-2: Ball 2-2: Strikes out swinging | Top of the 6th over - 0 runs, 0 hits, 0 errors, 1 left on base; Birmingham 3 - Detroit 5 | BOTTOM OF THE 6TH |
---|
Detroit X-Wings batting - Pitching for Birmingham Barons : LHP Gonzalo Martínez | Batting: RHB José Pérez | 0-0: Swinging Strike 0-1: Ball 1-1: Foul Ball, location: 2F 1-2: Ball 2-2: Foul Ball, location: 2F 2-2: Strikes out swinging | Batting: RHB Donato Gozende | 0-0: Swinging Strike 0-1: Ball 1-1: Ground out 6-3 (Groundball, 6) | Batting: RHB Raúl Flores | 0-0: Foul Ball, location: 2F 0-1: Ball 1-1: Ground out 4-3 (Groundball, 4) | Bottom of the 6th over - 0 runs, 0 hits, 0 errors, 0 left on base; Birmingham 3 - Detroit 5 | TOP OF THE 7TH |
---|
Birmingham Barons batting - Pitching for Detroit X-Wings : LHP Richard Dorris | Batting: RHB José Montoya | 0-0: Ball 1-0: Ball 2-0: Foul Ball, location: 2F 2-1: Foul Ball, location: 2F 2-2: Ball 3-2: Foul Ball, location: 2F 3-2: Base on Balls | Batting: LHB José Rivera | 0-0: Ball 1-0: Ball 2-0: 2-RUN HOME RUN (Flyball, 9D), Distance : 387 ft | Batting: RHB Bryant von Bohlen | 0-0: Ball 1-0: SINGLE (Line Drive, 89S) | Pinch Hitting: RHB Juan Jiménez | 0-0: Ball 1-0: Ball 2-0: Called Strike 2-1: Fly out, F7 (Flyball, 7S) | Batting: RHB Carlos Vásquez | 0-0: Ball Wild Pitch! Bryant von Bohlen to second 1-0: Called Strike 1-1: Swinging Strike 1-2: Ground out 1-3 (Groundball, 15S) | Batting: RHB Warren Martin | 0-0: Ball 1-0: Called Strike 1-1: Ball 2-1: Foul Ball, location: 2F 2-2: SINGLE (Groundball, 6) (infield hit) Bryant von Bohlen to third | Pinch Hitting: RHB Dave Dawson | 0-0: Ball 1-0: Foul Ball, location: 2F 1-1: Ball 2-1: Ball 3-1: DOUBLE (Line Drive, 89D) Bryant von Bohlen scores Warren Martin to third | Pitching: RHP Lance Sanders | | Pinch Hitting: LHB Al Gaines | 0-0: Swinging Strike 0-1: Ball 1-1: Ball 2-1: SINGLE (Line Drive, 34) Warren Martin scores Dave Dawson to third | Batting: RHB Pete Smith | 0-0: Called Strike 0-1: Ball 1-1: Foul Ball, location: 2F 1-2: Ball 2-2: SINGLE (Groundball, 6MD) Dave Dawson scores Al Gaines to second Runner from 2nd tries for 3rd, SAFE, throw made to third | Batting: RHB José Montoya | 0-0: Called Strike 0-1: Ball 1-1: Ball 2-1: Foul Ball, location: 2F 2-2: Ball 3-2: Base on Balls Pete Smith to second | Batting: LHB José Rivera | 0-0: Called Strike 0-1: Ground out 4-3 (Groundball, 34D) | Top of the 7th over - 5 runs, 6 hits, 0 errors, 3 left on base; Birmingham 8 - Detroit 5 | BOTTOM OF THE 7TH |
---|
Detroit X-Wings batting - Pitching for Birmingham Barons : LHP Gonzalo Martínez | Now at 1B: Juan Jiménez | | Now at 3B: Dave Dawson | | Now in CF: Dean Bailey | | Batting: RHB Yoshitsune Kamida | 0-0: Ground out 4-3 (Groundball, 4) | Batting: RHB Sean White | 0-0: Called Strike 0-1: Ball 1-1: Called Strike 1-2: Ball 2-2: Ball 3-2: Base on Balls | Batting: LHB Paul Alston | 0-0: Called Strike 0-1: Grounds into double play, 4-6-3 (Groundball, 4) | Bottom of the 7th over - 0 runs, 0 hits, 0 errors, 0 left on base; Birmingham 8 - Detroit 5 | TOP OF THE 8TH |
---|
Birmingham Barons batting - Pitching for Detroit X-Wings : RHP Lance Sanders | Batting: RHB Bryant von Bohlen | 0-0: Called Strike 0-1: Ball 1-1: Ball 2-1: Fly out, F9 (Flyball, 89S) | Batting: RHB Juan Jiménez | 0-0: Called Strike 0-1: Ground out 5-3 (Groundball, 56S) | Batting: RHB Carlos Vásquez | 0-0: Ball 1-0: Foul Ball, location: 2F 1-1: Swinging Strike 1-2: Strikes out swinging | Top of the 8th over - 0 runs, 0 hits, 0 errors, 0 left on base; Birmingham 8 - Detroit 5 | BOTTOM OF THE 8TH |
---|
Detroit X-Wings batting - Pitching for Birmingham Barons : LHP Gonzalo Martínez | Pitching: LHP Richard Simpson | | Batting: RHB Mario Solís | 0-0: Ball 1-0: Foul Ball, location: 2F 1-1: SINGLE (Flyball, 89S) | Batting: RHB Chet Decker | 0-0: Ball 1-0: Grounds into double play, 6-4-3 (Groundball, 6) | Batting: RHB Oliver Acevedo | 0-0: SINGLE (Groundball, 56D) | Batting: RHB José Pérez | 0-0: Ball 1-0: Ball 2-0: Foul Ball, location: 2F 2-1: Foul Ball, location: 2F 2-2: Foul Ball, location: 2F 2-2: Fly out, F9 (Flyball, 89M) | Bottom of the 8th over - 0 runs, 2 hits, 0 errors, 1 left on base; Birmingham 8 - Detroit 5 | TOP OF THE 9TH |
---|
Birmingham Barons batting - Pitching for Detroit X-Wings : RHP Lance Sanders | Batting: RHB Warren Martin | 0-0: Foul Ball, location: 2F 0-1: SINGLE (Groundball, 6MD) | Batting: RHB Dave Dawson | 0-0: Ball 1-0: Ball 2-0: Swinging Strike 2-1: Called Strike 2-2: Strikes out swinging | Batting: RHB Dean Bailey | 0-0: SINGLE (Line Drive, 56D) Warren Martin to second | Batting: RHB Pete Smith | 0-0: Ball 1-0: Ball 2-0: Ball 3-0: Called Strike 3-1: Base on Balls Warren Martin to third Dean Bailey to second | Pitching: RHP Dylan Versluis | | Batting: RHB José Montoya | 0-0: Called Strike 0-1: Ball 1-1: Ball 2-1: Ball 3-1: Base on Balls Warren Martin scores Dean Bailey to third Pete Smith to second | Batting: LHB José Rivera | 0-0: Called Strike 0-1: Ball 1-1: Called Strike 1-2: Ball 2-2: DOUBLE (Groundball, 3L) Dean Bailey scores Pete Smith scores José Montoya to third | Batting: RHB Bryant von Bohlen | 0-0: Fly out, F3 (Popup, 3SF) | Batting: RHB Juan Jiménez | 0-0: Called Strike 0-1: Ball 1-1: Ball 2-1: Foul Ball, location: 2F 2-2: Foul Ball, location: 2F 2-2: Ground out 5-3 (Groundball, 56S) | Top of the 9th over - 3 runs, 3 hits, 0 errors, 2 left on base; Birmingham 11 - Detroit 5 | BOTTOM OF THE 9TH |
---|
Detroit X-Wings batting - Pitching for Birmingham Barons : LHP Richard Simpson | Batting: RHB Donato Gozende | 0-0: Ground out 6-3 (Groundball, 6) | Batting: RHB Raúl Flores | 0-0: Called Strike 0-1: Swinging Strike 0-2: Ball 1-2: Ball 2-2: Ball 3-2: Strikes out swinging | Batting: RHB Yoshitsune Kamida | 0-0: Called Strike 0-1: Foul Ball, location: 2F 0-2: Ball 1-2: Single, Error in OF, E8, batter to second base | Batting: RHB Sean White | 0-0: Fly out, F4 (Popup, 4M) | Bottom of the 9th over - 0 runs, 1 hit, 1 error, 1 left on base; Birmingham 11 - Detroit 5 | | Saturday, December 16th, 2017 - OOTP Baseball 18.8 Build 76 | |